Map: Lerilak Crest

Players

SticklerMac - Winner!

  • Race: Zerg Zerg
  • League: Silver

Tartarian

  • Race: Zerg Zerg
  • League: Silver

VOD

Have the link to the VOD?

Description

Time

  • Played on: Sept. 20, 2015, 3:22 p.m.
  • Length: 7:55
Show
View Real Time Build Order
Export as new Build Order

SticklerMac Zerg - Winner!

Build Orders: Hatch First 

Get SALT Encoding   

  12  0:00  Drone  
  13  0:10  Drone  
  14  0:17  Overlord  
  14  0:35  Drone x3  
  17  0:56  Hatchery  
  16  0:59  Drone  
  16  1:03  Drone, Extractor  
  17  1:20  Spawning Pool  
  16  1:48  Drone x2  
  16  1:49  Drone  
  19  2:00  Drone  
  20  2:09  Metabolic Boost  
  20  2:10  Drone  
  20  2:12  Drone  
  22  2:19  Queen  
  22  2:21  Zergling x4  
  23  2:29  Zergling x2  
  20  2:43  Zergling x2  
  20  2:46  Zergling x2  
  20  3:01  Zergling x2  
  19  3:10  Drone  
  19  3:15  Zergling x2  
  20  3:23  Zergling x4  
  22  3:39  Zergling x2  
  22  3:40  Zergling x8  
  24  3:47  Zergling x2  
  23  3:51  Zergling x2  
  20  4:05  Zergling x2  
  20  4:06  Zergling x2  
  21  4:11  Zergling x2  
  21  4:15  Zergling x2  
  23  4:19  Zergling x2  
  24  4:25  Zergling x2  
  25  4:33  Drone  
  25  4:37  Baneling Nest, Queen  
  27  4:48  Spine Crawler  
  26  4:56  Spine Crawler, Queen  
  27  5:01  Overlord  
  27  5:21  Baneling x2  
  27  5:22  Drone  
  27  5:23  Drone x3  
  27  5:25  Drone  
  32  5:40  Drone x3  
  25  6:06  Drone x2  
  25  6:07  Zergling x10  
  32  6:28  Zergling x6  
  35  6:34  Overlord x4  
  35  6:53  Zergling x4  
  35  6:54  Zergling x8  
  41  6:57  Zergling x2  
  42  7:03  Zergling x4  
  42  7:04  Zergling x12  
  45  7:10  Baneling x2  
  45  7:30  Zergling x10  
Show
View Real Time Build Order
Export as new Build Order

Tartarian Zerg 

Build Orders: Pool First 

Get SALT Encoding   

  12  0:02  Drone  
  13  0:25  Spawning Pool  
  12  0:29  Extractor  
  11  0:36  Drone x2  
  11  0:39  Drone  
  14  0:47  Overlord  
  14  1:14  Zergling x4  
  16  1:23  Spine Crawler  
  16  1:25  Zergling x2  
  17  1:42  Spine Crawler  
  16  1:48  Zergling x4  
  18  1:56  Metabolic Boost  
  18  1:59  Queen  
  20  2:15  Spine Crawler  
  20  2:22  Zergling x4  
  22  2:41  Zergling x2  
  21  2:59  Overlord x2  
  18  3:15  Zergling x4  
  19  3:45  Zergling x6  
  20  4:08  Spine Crawler  
  18  4:10  Spine Crawler, Zergling x8  
  21  4:21  Zergling x2  
  21  4:29  Baneling Nest  
  21  4:38  Zergling x2  
  22  4:45  Zergling x2  
  22  4:46  Hatchery  
  21  4:57  Zergling x6  
  24  5:20  Baneling x5  
  24  5:23  Zergling x2  
  15  5:54  Zergling x6  
  15  6:18  Drone x2  
  16  6:30  Drone x2  
  18  6:33  Baneling x2  
  18  6:37  Baneling  
  18  6:44  Drone  
  19  6:48  Drone  
  19  6:54  Drone  
  21  7:01  Drone  
  21  7:03  Drone  
  22  7:17  Drone x3  
  24  7:41  Spine Crawler  
Tags
 
Add a new tag
Caveats
  • Supply blocks, unpowered buildings, or Contaminate may cause inaccurate times.
  • Supply counts are checked every 10 seconds.